 Dungeon Crawl Stone Soup version 0.32-a0-128-g77eb882913 (webtiles) character file.

Game seed: 17956889368282961157

1488 Jannitor the Trooper (level 8, -3/63 HPs)
             Began as a Demonspawn Chaos Knight on Feb 8, 2024.
             Was a Plaything of Xom.
             Killed from afar by a steam dragon (16 damage)
             ... with a ball of steam
             ... on level 6 of the Dungeon.
             The game lasted 00:13:23 (5248 turns).

Jannitor the Trooper (Demonspawn Chaos Knight)      Turns: 5248, Time: 00:13:24

Health: -3/63      AC:  9    Str: 12    XL:     8   Next: 51%
Magic:  0/17       EV: 13    Int: 15    God:    Xom [......]
Gold:   228        SH:  0    Dex: 15    Spells: 4/7 levels left

rFire   x . .        n - +0 dagger (vamp)
rCold   + . .        (no shield)
rNeg    . . .        j - +3 leather armour {rPois}
rPois   +            r - +2 hat
rElec   .            (no cloak)
rCorr   .            (no gloves)
SInv    .            (no boots)
Will    .....        (no amulet)
Stlth   +++          g - ring of magical power
HPRegen 0.30/turn    (no ring)
MPRegen 0.30/turn

%: guardian spirit
@: brilliant
A: magic shield, magic regeneration, sharp scales 1, weakness stinger 1, thin
skeletal structure 1, cold resistance 1, screaming 1, heat vulnerability 1,
inability to drink after injury 2
a: Renounce Religion


You were on level 6 of the Dungeon.
You worshipped Xom.
You were a very special plaything of Xom.
You visited 1 branch of the dungeon, and saw 6 of its levels.

You collected 228 gold pieces.

Inventory:

Hand Weapons
 a - a +0 short sword of chaos
 n - a +0 vampiric dagger (weapon)
Armour
 b - a +2 leather armour
 j - a +3 leather armour of poison resistance (worn)
 o - a +0 helmet
 r - a +2 hat (worn)
Jewellery
 g - a ring of magical power (left hand)
 s - a ring of ice
Potions
 k - a potion of enlightenment


   Skills:
 + Level 5.5 Fighting
 + Level 5.0 Short Blades
 + Level 4.5 Armour
 + Level 4.1 Dodging
 + Level 4.3 Stealth
 + Level 1.9 Summonings


You had 4 spell levels left.
You knew the following spells:

 Your Spells              Type           Power      Damage    Failure   Level
a - Call Canine Familiar  Summ           8%         N/A       43%         3

Your spell library contained the following spells:

 Spells                   Type           Power      Damage    Failure   Level
 Summon Small Mammal      Summ           32%        N/A       16%         1
 Kiss of Death            Conj/Necr      0%         2d5       34%         1
 Confusing Touch          Hex            0%         N/A       71%         3
 Summon Blazeheart Golem  Fire/Summ      4%         N/A       93%         4
 Dispel Undead            Necr           0%         3d6       98%         4


Dungeon Overview and Level Annotations

Branches:
Dungeon (6/15)
 Temple: D:4-7

Altars:
Cheibriados
Fedhas
Hepliaklqana

Annotations:
D:1 exclusion: goblin


Innate Abilities, Weirdness & Mutations

When hurt, damage is shared between your health and your magic reserves.
You regenerate magic rapidly.
You are partially covered in razor-sharp scales. (AC +1, Slay +1)
You have a small tail.
You have a somewhat thin skeletal structure. (Dex +2, Stealth+)
Your flesh is cold resistant. (rC+)
You occasionally shout uncontrollably at your foes.
You are vulnerable to heat. (rF-)
You sometimes lose the ability to drink potions when taking damage.


Message History

The wight closely misses you.
Your chaos spawn punches the wight!!
The wight is destroyed!
Your white imp barely misses the ice beast.
The hound barely misses your chaos spawn.
The steam dragon bites your white imp but does no damage.
The steam dragon misses your white imp. The gnoll bouda closely misses you.
Your life force feels restored.
Your Short Blades skill increases to level 5!
Unknown command.
You closely miss the ice beast. You punch the ice beast.
The ice beast is severely wounded.
The ice beast hits you.
* * * LOW HITPOINT WARNING * * *
The ice beast freezes you. You resist.
* * * LOW HITPOINT WARNING * * *
The water moccasin closely misses you. The hound bites your chaos spawn.
Your white imp hits the ice beast.
Your white imp freezes the ice beast.
The ice beast completely resists.
Your white imp closely misses the ice beast.
Your red devil hits the ice beast with a +0 trident!
The ice beast dies!
Your chaos spawn misses the hound.
The sentinel's mark upon you fades away.
The steam dragon completely misses you.
The steam dragon claws you but does no damage.
The gnoll bouda attacks as it pursues you!
The gnoll bouda closely misses you.
Your white imp hits the steam dragon but does no damage.
Your red devil barely misses the gnoll bouda.
Your white imp hits the steam dragon.
Your white imp freezes the steam dragon.
Your chaos spawn misses the hound.
The water moccasin barely misses you.
Unknown command.
You swap places.
The hound bites your red devil but does no damage.
The gnoll bouda barely misses your white imp.
The steam dragon breathes steam at you. The ball of steam hits you!!
The steam scalds you terribly!
Xom roars with laughter!
You die...

*,,,,**,*#.#.###### ***,,.#**
*
*,,,,,,,*#.{......####*,,.#**
*
*,,,,****#Jo##........,,,..,*
*
****.#####.o##o##.###.,*,**,*
* *......gh##.##.#
*,,,,*,,*****
*#######ยง##o##.#
*,*,,,,,,,,,, #.##S##.#
*,**,**,***,,


#oJhg5D.# *,**,**,* *,* #.)445@.# *,,,,,,,* *,* #.##.##.# ****,**** *,,
#.##.##.# *,,,,,* *,* #.##..#.# *,,,,,* *,* #.###.#.# *,,,,,* *,, #.#**.#.#
*,,,,,* *** #.,,,...# *,,,,,* *****.### ******* *,* ******* You could see a
steam dragon (catching breath, ally target), an orc warrior, a water moccasin, a
gnoll bouda (ally target), a hound (ally target), a jelly, an orc wizard, a
friendly red devil (summoned), a friendly chaos spawn (summoned) and 2 friendly
white imps.

Vanquished Creatures
  Eustachio (D:4)
  A water moccasin (D:5)
  2 ogres
  A phantom (D:5)
  A kobold brigand (D:4)
  A jelly (D:6)
  3 bombardier beetles
  A hound (D:4)
  A sleepcap (D:5)
  Jessica (D:3)
  An orc wizard (D:5)
  A scorpion zombie (D:3)
  An iguana (D:5)
  Terence (D:2)
  A howler monkey zombie (D:3)
  Robin (D:2)
  14 adders
  2 adder zombies (D:3)
  An adder skeleton (D:3)
  5 dart slugs
  2 ribbon worms
  3 orcs (D:5)
  An endoplasm (D:2)
  9 giant cockroaches
  13 goblins
  11 hobgoblins
  3 jackals (D:4)
  A quokka (D:4)
  9 ball pythons
  A ball python skeleton (D:3)
  4 bats
  2 frilled lizards
  4 kobolds
  5 rats
109 creatures vanquished.

Vanquished Creatures (collateral kills)
  A yak (D:6)
  An ice beast (D:6)
  A gnoll sergeant (D:6)
  A wight (D:6)
  A hound (D:6)
  An iguana (D:6)
  An orc (D:6)
7 creatures vanquished.

Vanquished Creatures (others)
  A ball python (D:1)
1 creature vanquished.

Grand Total: 117 creatures vanquished

Notes
Turn   | Place    | Note
-------+----------+-------------------------------------------
     0 | D:1      | Jannitor the Demonspawn Chaos Knight began the quest for
                  | the Orb.
     0 | D:1      | Reached XP level 1. HP: 18/18 MP: 1/1
    67 | D:1      | Reached skill level 1 in Dodging
   119 | D:1      | XOM: silly message
   139 | D:1      | XOM: silly message
   186 | D:1      | Gained mutation: You regenerate magic rapidly. [demonic
                  | ancestry]
   186 | D:1      | Reached XP level 2. HP: 23/24 MP: 2/2
   193 | D:1      | XOM: silly message
   272 | D:1      | Found a faded altar of an unknown god.
   272 | D:1      | XOM: 2-stop teleportation journey
   411 | D:1      | XOM: divination: magic mapping
   621 | D:1      | XOM: give mutation
   621 | D:1      | Gained mutation: You have a somewhat thin skeletal
                  | structure. (Dex +2, Stealth+) [Xom's grace]
   720 | D:1      | XOM: scenery: summon butterflies
   790 | D:2      | Reached XP level 3. HP: 29/29 MP: 3/3
   904 | D:2      | Reached skill level 1 in Stealth
   914 | D:2      | XOM: 6-stop teleportation journey
   987 | D:2      | Noticed Terence
   996 | D:2      | Killed Terence
  1048 | D:2      | Reached XP level 4. HP: 35/35 MP: 4/4
  1057 | D:2      | XOM: god gift: 28 gold pieces
  1086 | D:2      | XOM: god gift: short sword {god gift}
  1130 | D:2      | Noticed Robin
  1165 | D:2      | Killed Robin
  1236 | D:2      | XOM: god gift: wand of paralysis (6)
  1243 | D:2      | XOM: silly message
  1340 | D:2      | Gained mutation: When hurt, damage is shared between your
                  | health and your magic reserves. [demonic ancestry]
  1340 | D:2      | Reached XP level 5. HP: 42/42 MP: 5/5
  1377 | D:2      | XOM: polymorph adder -> giant cockroach
  1656 | D:2      | XOM: scenery: summon butterflies
  1658 | D:2      | XOM: give mutations
  1658 | D:2      | Gained mutation: You occasionally shout uncontrollably at
                  | your foes. [Xom's mischief]
  1658 | D:2      | Gained mutation: You occasionally lose the ability to drink
                  | potions when taking damage. [Xom's mischief]
  1658 | D:2      | Gained mutation: You are vulnerable to heat. (rF-) [Xom's
                  | mischief]
  1658 | D:2      | Gained mutation: You sometimes lose the ability to drink
                  | potions when taking damage. [Xom's mischief]
  1880 | D:3      | Noticed Jessica
  1904 | D:3      | Killed Jessica
  2210 | D:3      | XOM: god gift: scimitar {god gift}
  2464 | D:3      | XOM: potion effect (curing)
  2490 | D:3      | Reached XP level 6. HP: 48/48 MP: 6/6
  2942 | D:4      | XOM: silly message
  2949 | D:4      | XOM: confuse monster(s)
  2967 | D:5      | Entered Level 5 of the Dungeon
  3037 | D:5      | XOM: noise
  3064 | D:5      | Found a snail-covered altar of Cheibriados.
  3067 | D:5      | Found a blossoming altar of Fedhas.
  3070 | D:5      | Found a hazy altar of Hepliaklqana.
  3115 | D:5      | XOM: divination: detect items
  3122 | D:5      | XOM: potion effect (curing)
  3281 | D:5      | XOM: enchant monster (good)
  3305 | D:5      | XOM: chaos upgrade
  3334 | D:4      | XOM: enchant monster (bad)
  3340 | D:4      | XOM: confuse monster(s)
  3450 | D:3      | XOM: silly message
  3543 | D:4      | You fall into a shaft and drop 1 floor!
  3697 | D:5      | XOM: polymorph orc -> ogre
  3709 | D:5      | Gained mutation: You are partially covered in razor-sharp
                  | scales. (AC +1, Slay +1) [demonic ancestry]
  3709 | D:5      | Reached XP level 7. HP: 42/55 MP: 7/7
  3897 | D:4      | XOM: confusion (+ monsters)
  4088 | D:4      | XOM: give mutation
  4088 | D:4      | Gained mutation: Your flesh is cold resistant. (rC+) [Xom's
                  | mischief]
  4574 | D:4      | XOM: silly message
  4660 | D:5      | XOM: smoke on damage
  4912 | D:5      | XOM: confusion (+ monsters)
  4926 | D:5      | Learned a level 3 spell: Call Canine Familiar
  4944 | D:5      | Noticed Eustachio
  4989 | D:5      | Reached skill level 5 in Fighting
  5001 | D:5      | XOM: polymorph adder -> jackal
  5038 | D:4      | XOM: blink monster(s)
  5053 | D:4      | Killed Eustachio
  5054 | D:4      | Gained mutation: You have a small tail. [demonic ancestry]
  5054 | D:4      | Reached XP level 8. HP: 62/62 MP: 8/8
  5113 | D:5      | XOM: blink monster(s)
  5121 | D:6      | XOM: chaos upgrade
  5148 | D:6      | XOM: swap monsters
  5149 | D:6      | XOM: fog
  5176 | D:6      | XOM: potion effect (brilliance)
  5183 | D:6      | Reached skill level 1 in Summonings
  5227 | D:6      | XOM: swap monsters
  5232 | D:6      | XOM: summons 7 friendly demons
  5246 | D:6      | Reached skill level 5 in Short Blades
  5248 | D:6      | Killed from afar by a steam dragon

Illustrated notes

Levels and vault maps discovered:
D:1:      nicolae_arrival_washed_ashore, layout_loops_ring,
          shapermc_ecumenical_altar_venn
D:2:      layout_basic, dk_vineyard_2, chequers_jeans,
          ebering_dispersal_statue_hall, minivault_24, uniq_terence, uniq_robin
D:3:      layout_basic, serial_undead, serial_undead_f, serial_undead_b,
          serial_undead_a, serial_undead_a, uniq_jessica
D:4:      layout_loops_corners
D:5:      layout_gridville, nicolae_overflow_hallway_of_the_gods,
          grunt_decor_clamped, st_stairs_2, nicolae_half_adder, uniq_eustachio
D:6:      layout_loops_cross, nzn_random_ring

Skill      XL: |  1  2  3  4  5  6  7  8 |
---------------+-------------------------+-----
Dodging        | 1 2 3 4 |  4.1
Armour         | 2 3 4 |  4.5
Short Blades   | 3 4 5 |  5.0
Stealth        | 1 2 3 4 |  4.3
Fighting       | 4 5 |  5.5
Summonings     | 1 |  1.9

Action                     |  1- 3 |  4- 6 |  7- 9 || total
---------------------------+-------+-------+-------++-------
  Melee: Short sword       |    95 |    28 |       ||   123
         Punch             |     1 |    23 |    17 ||    41
         Dagger            |       |   448 |   284 ||   732
         Tailslap          |       |       |     5 ||     5
  Evoke: Wand              |       |     5 |     1 ||     6
    Use: Potion            |     1 |     4 |     8 ||    13
         Scroll            |       |     6 |     7 ||    13
   Stab: Sleeping          |     9 |    10 |     6 ||    25
         Paralysed         |       |     4 |     1 ||     5
         Invisible         |       |       |     3 ||     3
         Confused          |       |       |     2 ||     2
         Distracted        |       |       |     1 ||     1
 Armour: Leather armour    |    37 |   225 |   200 ||   462
         Skin              |       |    30 |    41 ||    71
  Dodge: Dodged            |    51 |   242 |   190 ||   483

Table legend: (Time is in decaauts)
 A = Elapsed time spent in this place.
 B = Non-inter-level travel time spent in this place.
 C = Inter-level travel time spent in this place.
 D = Time resting spent in this place.
 E = Time spent auto-exploring this place.
 F = Levels seen in this place.
 G = Mean time per level.
                   A        B        C        D        E       F      G
               +--------+--------+--------+--------+--------+-----+--------+
         Total |   5090 |   4854 |    236 |    397 |   2895 |   6 |  848.3 |
       Dungeon |   5090 |   4854 |    236 |    397 |   2895 |   6 |  848.3 |
               +--------+--------+--------+--------+--------+-----+--------+

Top non-repeatable levels by time:
     D:4: 1221 daAuts
     D:3: 1017 daAuts
     D:5: 1004 daAuts
     D:2: 947 daAuts
     D:1: 776 daAuts
     D:6: 123 daAuts
